Cogmind - Beta 11.1 @@@ ROGUE MODE // 2022.05.20 @ 23:13:06 Player: RX86 Result: Destroyed by S-10 Pest with Light Assault Rifle Performance ------------- Evolutions (0) 0 Regions Visited (2) 400 Robots Destroyed (19) 95 Value Destroyed (388) 388 Prototype IDs (1) 20 Alien Tech Used (0) 0 Bonus (0) 0 TOTAL SCORE: 903 Bonus ------- None Cogmind --------- Core Integrity 0/250 Matter 279/300 Energy 100/100 System Corruption 0% Temperature Cool (0) Movement Walking (120) Location -10/Mines Parts ------- > --- POWER (1) -------- (None) > --- PROPULSION (2) --- Aluminum Leg > --- UTILITY (2) ------ Small Storage Unit Utility Shielding > --- WEAPON (2) ------- Light Assault Rifle > --- INVENTORY (8) ---- Huge Storage Unit Sensor Drone Bay (20/20) Light Assault Rifle Light Assault Rifle Light Assault Rifle Makeshift Hammer Mining Claw Peak State ------------ > --- POWER ------------ (None) > --- PROPULSION ------- Hover Unit Hover Unit > --- UTILITY ---------- Small Storage Unit Sensor Drone Bay > --- WEAPON ----------- Light Assault Rifle > --- INVENTORY -------- Aluminum Leg Huge Storage Unit Utility Shielding Light Assault Rifle Light Assault Rifle Light Assault Rifle Makeshift Hammer Mining Claw [Rating: 13] Favorites ----------- Power Light Ion Engine Engine Light Ion Engine Propulsion Hover Unit Treads Light Treads Leg Aluminum Leg Hover Unit Hover Unit Utility Small Storage Unit Device Sensor Drone Bay Storage Small Storage Unit Processor Visual Processing Unit Protection Utility Shielding Weapon Light Assault Rifle Energy Gun EM Shotgun Ballistic Gun Light Assault Rifle Build | -11 -10 -10 ------- Run | Scr Mat Min Slots Evolved . | . . . Power . | . . . Propulsion . | . . . Utility . | . . . Weapon . | . . . Parts Attached 36 | 6 26 4 Power 3 | 1 2 . Engine 3 | 1 2 . Core . | . . . Reactor . | . . . Propulsion 24 | 2 20 2 Treads 8 | . 8 . Leg 3 | 2 . 1 Wheel . | . . . Hover 13 | . 12 1 Flight . | . . . Utility 5 | 1 2 2 Device 1 | . . 1 Storage 1 | 1 . . Processor 2 | . 2 . Hackware . | . . . Protection 1 | . . 1 Artifact . | . . . Weapon 4 | 2 2 . Energy Gun 1 | . 1 . Energy Cannon . | . . . Ballistic Gun 3 | 2 1 . Ballistic Cannon . | . . . Launcher . | . . . Special Weapon . | . . . Impact Weapon . | . . . Slashing Weapon . | . . . Piercing Weapon . | . . . Special Melee Weapon . | . . . Unidentified Prototypes 1 | . . 1 Parts Lost 5 | . . 5 Power 1 | . . 1 Propulsion 3 | . . 3 Utility . | . . . Weapon 1 | . . 1 Highest Loss Streak 3 | . . 3 To Critical Strikes . | . . . Average Slot Usage (%) 90 | . 93 78 Engine 11 | . 14 5 Treads 5 | . 7 . Leg 2 | . 2 2 Hover 19 | . 18 22 Storage 14 | . 14 14 Processor 11 | . 11 10 Energy Gun 6 | . 7 5 Ballistic Gun 17 | . 18 14 Naked Turns . | . . . Heaviest Build 20 | 12 12 20 Greatest Support 40 | 20 40 12 Greatest Overweight (x) 3 | 3 3 3 Average Overweight (x) . | . . . Largest Inventory Capacity 8 | 8 8 8 Average Capacity 7 | 7 8 8 Most Carried 8 | 3 8 8 Average Carried 5 | 1 5 7 Final Capacity 8 | 8 8 8 Final Carried 7 | 3 7 7 Class Distribution -------------------- 100% | Mutant Dominant Class ---------------- Mutant | -10/Materials Mutant | -10/Mines Resources | -11 -10 -10 ----------- Run | Scr Mat Min Matter Collected 601 | 208 388 5 Remotely . | . . . Salvage Created 693 | . 642 51 Parts 34 | . 32 2 Haulers Intercepted 2 | . 2 . Recyclers Shooed 4 | . 3 1 Parts Field Recycled . | . . . Retrieved Matter . | . . . Parts Self-Destructed . | . . . Prevented . | . . . Kills | -11 -10 -10 ------- Run | Scr Mat Min Combat Hostiles Destroyed 12 | . 11 1 Guns 12 | . 11 1 Classes Destroyed 6 | . 6 . Hauler 2 | . 2 . Recycler 1 | . 1 . Operator 1 | . 1 . Watcher 3 | . 3 . Swarmer 5 | . 5 . Grunt 7 | . 6 1 Best Kill Streak 4 | . 4 1 Combat Bots Only 3 | . 3 1 Max Kills in Single Turn 1 | . 1 1 Gunslinging . | . . . Exploded . | . . . Melee . | . . . Uniques/NPCs Destroyed . | . . . Combat | -11 -10 -10 -------- Run | Scr Mat Min Damage Taken 802 | . 364 438 Core 255 | . 85 170 Absorbed by Shields . | . . . Redirected to Shielding 7 | . . 7 Core Remaining (%) 100 | 100 . . Volleys Fired 53 | . 48 5 Largest 2 | . 2 2 Hottest 65 | . 65 65 Shots Fired 102 | . 93 9 Gun 102 | . 93 9 Cannon . | . . . Launcher . | . . . Special . | . . . Kinetic 81 | . 76 5 Thermal . | . . . Explosive . | . . . Electromagnetic 21 | . 17 4 Robot Hit Streak 11 | . 11 5 Robot Miss Streak 5 | . 2 5 Penetration Max . | . . . Secondary Targets 2 | . 2 . Max Gunslinging Chain 1 | . 1 . Shots Hit Robots 71 | . 65 6 Core Hits 39 | . 35 4 Critical Kills 1 | . 1 . Critical Parts Destroyed . | . . . Critical Strikes 1 | . 1 . Destroy 1 | . 1 . Melee Attacks . | . . . Impact . | . . . Slashing . | . . . Piercing . | . . . Sneak Attacks . | . . . Combat Hostiles . | . . . Follow-up Attacks . | . . . Damage Inflicted 676 | . 611 65 Guns 676 | . 611 65 Cannons . | . . . Explosions . | . . . Melee . | . . . Ramming . | . . . Kinetic 437 | . 404 33 Thermal . | . . . Explosive . | . . . Electromagnetic 239 | . 207 32 Impact . | . . . Slashing . | . . . Piercing . | . . . Highest Corruption . | . . . Average Corruption . | . . . Corruption Purged . | . . . Corruption Blocked . | . . . Overload Shots . | . . . Overflow Damage . | . . . Projectiles . | . . . Explosions . | . . . Melee . | . . . Knockbacks . | . . . Impact . | . . . Kinetic . | . . . Secondary . | . . . Self-Inflicted Damage . | . . . Shots . | . . . Rammed . | . . . Targets Rammed . | . . . Kicked . | . . . Crushed . | . . . Highest Temperature 121 | . 66 121 Average Temperature 29 | . 21 70 Received Heat Transfer 363 | . 144 219 Siege Activations . | . . . Robots Corrupted . | . . . Combat Hostiles . | . . . Parts Fried . | . . . Impact Corruptions . | . . . Robots Melted . | . . . Combat Hostiles . | . . . Parts Melted . | . . . Heat Transferred . | . . . Parts Sabotaged . | . . . Parts Stolen . | . . . Parts Stripped . | . . . Power Chain Reactions . | . . . Missiles Intercepted . | . . . Alert | -11 -10 -10 ------- Run | Scr Mat Min Peak Influence 276 | . 276 142 Initial 22 | . . 22 Average 92 | . 107 81 Maximum Alert Level 1 | . 1 . Low Security (%) 87 | 100 81 100 Level 1 12 | . 18 . Level 2 . | . . . Level 3 . | . . . Level 4 . | . . . Level 5 . | . . . High Security . | . . . Max Security . | . . . Squads Dispatched 2 | . 2 . Investigation 1 | . 1 . Extermination . | . . . Reinforcement 1 | . 1 . Assault . | . . . Garrison . | . . . Intercept . | . . . Searches Triggered . | . . . Construction Impeded . | . . . Haulers Reinforced . | . . . Active Scanning Responses . | . . . Cargo Convoy Interrupts . | . . . Stealth | -11 -10 -10 --------- Run | Scr Mat Min Distress Signals 2 | . 2 . Communications Jammed . | . . . Distress Signals . | . . . Times Spotted 34 | . 21 13 Peak Tracking Total 5 | . 4 5 Tactical Retreats 4 | . . 4 Traps | -11 -10 -10 ------- Run | Scr Mat Min Traps Triggered 1 | . 1 . Indirectly . | . . . Trap Hack Attempts . | . . . Triggered . | . . . Disarmed . | . . . Reprogrammed . | . . . Reused . | . . . Traps Extracted . | . . . Installed . | . . . Triggered . | . . . Machines | -11 -10 -10 ---------- Run | Scr Mat Min Machines Disabled . | . . . Max in Single Turn . | . . . Machines Sabotaged . | . . . Garrisons Compromised . | . . . Overloaded Fab Kills . | . . . Hacking | -11 -10 -10 --------- Run | Scr Mat Min Machines Accessed 7 | . 6 1 Terminals 5 | . 5 . Fabricators . | . . . Repair Stations . | . . . Recycling Units 1 | . 1 . Scanalyzers . | . . . Garrison Access . | . . . Total Hacks 20 | . 19 1 Successful 11 | . 10 1 Failed 9 | . 9 . Catastrophic 1 | . 1 . Database Lockouts . | . . . Manual 17 | . 17 . Terminals 16 | . 16 . Fabricators . | . . . Repair Stations . | . . . Recycling Units 3 | . 3 . Scanalyzers . | . . . Garrison Access . | . . . Terminal Hacks 5 | . 4 1 Open Door 1 | . . 1 Alert Level 2 | . 2 . Unreport Threat 1 | . 1 . Security Status 1 | . 1 . Fabricator Hacks . | . . . Repair Station Hacks . | . . . Recycling Unit Hacks . | . . . Scanalyzer . | . . . Garrison Access Hacks . | . . . Unauthorized Hacks 6 | . 6 . Terminals 4 | . 4 . Botnet 3 | . 3 . Operators 1 | . 1 . Fabricators . | . . . Repair Stations . | . . . Recycling Units 2 | . 2 . Recyclers 1 | . 1 . Mask 1 | . 1 . Scanalyzers . | . . . Garrison Access . | . . . Data Cores Recovered . | . . . Used . | . . . Hacking Detections 5 | . 5 . Full Trace Events 1 | . 1 . Feedback Events . | . . . Feedback Blocked . | . . . Robot Schematics Acquired . | . . . Robots Built . | . . . Authchips . | . . . Time . | . . . Total Robot Build Rating . | . . . Part Schematics Acquired . | . . . Parts Built . | . . . Authchips . | . . . Time . | . . . Total Part Build Rating . | . . . Parts Repaired . | . . . Time . | . . . Parts Recycled . | . . . Recycled Matter . | . . . Retrieved Matter . | . . . Retrieved Components . | . . . Parts Scanalyzed . | . . . Part Schematics Acquired . | . . . Parts Damaged . | . . . Bothacking | -11 -10 -10 ------------ Run | Scr Mat Min Used RIF Installer . | . . . Robots Hacked . | . . . Non-combat . | . . . Combat . | . . . Robot Hacks Applied . | . . . Relay Couplers Released . | . . . Fabnet Peak Effective % . | . . . Robots Rewired . | . . . Allies Hacked . | . . . Hacks Repelled . | . . . Allies | -11 -10 -10 -------- Run | Scr Mat Min Total Allies . | . . . Largest Group . | . . . Highest-Rated Group . | . . . Highest-Rated Ally . | . . . Total Orders . | . . . Ally Attacks . | . . . Total Damage . | . . . Kills . | . . . Allies Corrupted . | . . . Allies Melted . | . . . Intel | -11 -10 -10 ------- Run | Scr Mat Min Robot Analysis Total . | . . . Derelict Logs Recovered 1 | . . 1 Drone Launches . | . . . Drone Recoveries . | . . . Exploration | -11 -10 -10 ------------- Run | Scr Mat Min Turns Passed 809 | 67 555 187 Spaces Moved 846 | 45 549 252 Core 16 | 14 2 . Treads 11 | . 11 . Legs 84 | 31 29 24 Wheels . | . . . Hover 735 | . 507 228 Flight . | . . . Fastest Speed 50 | 50 56 56 Average Speed 66 | 123 61 65 Slowest Speed 240 | 200 200 240 Overloaded Moves . | . . . Propulsion Burnouts . | . . . Robots Hopped . | . . . Cave-ins Triggered . | . . . Exploration Rate (%) 52 | 3 82 72 Regions Visited 2 Branch Regions 1 Pre-discovered Areas 1 | . . 1 Known Exits Taken . | . . . Unknown Exits Taken 2 | 1 1 . Scrap Searched 1 | . . 1 Spaces Dug . | . . . Terrain Destroyed . | . . . Melee . | . . . Projectile . | . . . AOE . | . . . Terrain Rammed . | . . . Walls Destroyed . | . . . Machines Disabled . | . . . Actions | -11 -10 -10 --------- Run | Scr Mat Min Total 999 | 53 680 266 Wait 33 | . 33 . Move 844 | 44 548 252 Hop . | . . . Pick Up 20 | 3 14 3 Fast Attach 11 | 6 4 1 Attach 7 | . 5 2 Detach 1 | . 1 . Swap 18 | . 17 1 Drop 12 | . 10 2 Fire 53 | . 48 5 Melee . | . . . Ram . | . . . Kick . | . . . Crush . | . . . Escape Stasis . | . . . Rewire . | . . . Trap . | . . . Miscellaneous . | . . . Route ------- -11/Scrapyard -10/Materials (discovered 4 exits: [*Mat x2] / *Min x2) -10/Mines (discovered 2 exits: [*Mat x2]) History --------- Turn | Location | Event 25 | -11/Scrapyard | Discovered new exit (range 16) 68 | -11/Scrapyard | Entered Materials 237 | -10/Materials | Discovered new exit (range 6) 309 | -10/Materials | Discovered new exit (range 17) 329 | -10/Materials | Build established: Mutant 565 | -10/Materials | Discovered new exit (range 13) 572 | -10/Materials | Discovered new exit (range 4) 623 | -10/Materials | Entered Mines 629 | -10/Mines | A weapon hastily lodged in a ceiling crevice suddenly fell to the ground 687 | -10/Mines | Core integrity fell below 50% 726 | -10/Mines | Lost 3 parts (1p1n1w) 728 | -10/Mines | Discovered new exit (range 9) 760 | -10/Mines | Found the Drone Emporium 762 | -10/Mines | Found Prototype Device 762 | -10/Mines | Identified Sensor Drone Bay 783 | -10/Mines | Core integrity fell below 20% 803 | -10/Mines | Discovered new exit (range 8) 810 | -10/Mines | Destroyed by S-10 Pest with Light Assault Rifle Last Messages --------------- World map updated: -8/Materials. 00714_ K-01 Serf collects debris. 00728_ EXIT=FOUND 00735_ K-01 Serf collects debris. 00759_ Connecting with SHOP.Sys... 00759_ Current location identified: Mines >>Open Door Sealed Doors opened. 00760_ FU-H4L(g): "Well that was anticlimactic. Heard you outside and thought you were from the Merchants Guild. I haven't even officially opened my Drone Emporium yet but am totally ready to tell them where they can shove that C&D." 00762_ FU-H4L(g): "I'm a fan of the free market. Free drones for all! No strings attached!" 00762_ Discarded Visual Processing Unit. 00762_ Acquired Prototype Device. 00762_ Identified Sensor Drone Bay. 00776_ Hover Unit destroyed. 00803_ EXIT=FOUND 00806_ S-10 Pest destroyed. Map ----- +----------------------------------------------------+ | ?????????# #????## ######## ##? | | ?????????# ###?## ##???#####?? | | ?????????# ### ######????? | | ????###### ##???? | | ????# ##??? | | ##### ###### ### #??? | | # #????###### ####### #??? | | # #####?????????# ##""## #?? | | # ##????????????# #" #X # #?? | | #%=##???????????# #" # #?? | | #???????????# #" #?? | | #???????????# #" # #?? | | ##???????????# ##""## ##?? | | ##????????????# ###### #??? | | ##?????????????# ####?# #?? | | ##??????????????# #?# #?? | | ????????????????# #?## ##?? | | ????????????????#### #??######??? | | ???????????????????# #??????????? | | ???????????????????# ######?????? | | ???????????????????# #?????? | | ???????????????????###### #?????? | | ????????????????????????# #?????? | | ????????????????????????# s#?????? | | ?????????????????########% ###???? | | ?????????????????# u@ #?? | | ?????????????????# """ """ < #?? | | ?????????????????# """ """ s #?? | | ?????????????????? """ """ #?? | | ??????????????????? #?? | | ???????????????????""" """ """ #?? | | ???????????????????""" """ """ #?? | | ?????????????????????"???" """ #?? | | ????????????????????????? #?? | | ?????????????????????????" "?????? | | ?????????????????????????" "?????? | | ?????????????????????????? ??????? | | ?????????????????????????? ??????? | | ??????????????????????????#??????? | | ?????????????????????????????????? | | ?????????????????????????????????? | | ?????????????????????????????????? | | ?????????????????????????????????? | | | | | | | | | | | | | | | +----------------------------------------------------+ Best States ------------- Heat Dissipation 25 Energy Generation 10 Energy Capacity 250 Matter Stores 300 Matter Capacity 300 Sight Range 18 Terrain Scan Density 10 Utility Shielding 33 Evasion (%) 55 Recoil Reduction 2 Item Schematics ----------------- None Robot Schematics ------------------ None Fabricated ------------ Nothing Alien Tech Used ----------------- None Achievements -------------- None Challenges ------------ None Game ------ Seed MobileAntimatterMantle Manual? 0 Play Time 00:18:34 Cumulative 59.0 hours Start 2022.05.20 @ 22:57:25 End 2022.05.20 @ 23:13:06 Sessions 1 Manual Loads 0 Difficulty Rogue Special Mode None Game No. 42 Rogue 40 Adventurer 0 Explorer 2 Win Type - Total 0 Types 0/0/0/0/0/0/0/0/0 Lore% 24 Gallery% 30 Achievement% 25 Wizard Run 0 Options --------- ASCII 0 Keyboard 0 Movement Numpad Keybinds 0 Fullscreen 1 Font 18/SmallcapsGlow Map View 76x50 Tactical HUD 1 Map Filters NONE Filters NONE Steam 1 RUN: dacbf869-d98a-431e-8486-746158b721c5